 Dungeon Crawl Stone Soup version 0.31.0-12-g77e489cdc1 (webtiles) character file.

Game seed: 16014882775174029380

83259 chippings the Scorcher (level 15, 0/110 HPs)
             Began as a Green Draconian Fire Elementalist on Mar 5, 2024.
             Was a High Priest of Vehumet.
             Slain by a manticore (16 damage)
             ... on level 12 of the Dungeon.
             The game lasted 01:13:19 (23654 turns).

chippings the Scorcher (DrFE)                      Turns: 23654, Time: 01:13:19

Health: 0/110      AC: 15    Str: 13    XL:     15   Next: 31%
Magic:  32/32      EV: 15    Int: 25    God:    Vehumet [*****.]
Gold:   1268       SH:  0    Dex: 14    Spells: 5/40 levels left

rFire   + + .        e - +6 long sword of Uskayaw's Castigation {holy, +Blink rElec Will+ Str+3}
rCold   x x .        F - orb {*channel}
rNeg    . . .        (body armour unavailable)
rPois   +            m - +1 hat "Perros" {Int+2 Stlth+}
rElec   +            D - +1 cloak
rCorr   .            o - +1 pair of gloves of Hospitality {Dex+2}
SInv    .            k - +0 pair of boots
Will    ++...        O - amulet of magic regeneration
Stlth   +++++        t - ring of fire
HPRegen 0.38/turn    E - ring of fire
MPRegen 0.63/turn

%: channel magic (20%)
@: about to teleport
A: breathe noxious fumes, AC +9, unfitting armour, stinger 1, poison resistance,
cold-blooded
a: Breathe Noxious Fumes, Renounce Religion, Evoke Blink


You were on level 12 of the Dungeon.
You worshipped Vehumet.
Vehumet was extremely pleased with you.
You visited 3 branches of the dungeon, and saw 19 of its levels.
You also visited: Bailey.

You collected 1268 gold pieces.

Inventory:

Hand Weapons
 e - the +6 long sword of Uskayaw's Castigation (weapon) {holy, +Blink rElec Will+ Str+3}
   (You found it on level 1 of the Spider Nest)

   Str+3:     It affects your strength (+3).
   rElec:     It insulates you from electricity.
   Will+:     It increases your willpower.
   +Blink:    It lets you blink.
Missiles
 a - 4 throwing nets
Armour
 k - a +0 pair of boots (worn)
 m - the +1 hat "Perros" (worn) {Int+2 Stlth+}
   (You acquired it on level 6 of the Dungeon)

   Int+2:     It affects your intelligence (+2).
   Stlth+:    It makes you more stealthy.
 o - the +1 pair of gloves of Hospitality (worn) {Dex+2}
   (You found it on level 9 of the Dungeon)

   Dex+2:     It affects your dexterity (+2).
 p - an orb of guile
 D - a +1 cloak (worn)
 F - an orb of energy (worn)
Magical Staves
 H - a staff of alchemy
 X - a staff of cold
Jewellery
 s - a ring of positive energy
 t - a ring of fire (left hand)
 x - a ring of ice
 B - a ring of resist corrosion
 E - a ring of fire (right hand)
 O - an amulet of magic regeneration (around neck)
 Q - a ring of willpower
Wands
 y - a wand of flame (47) (quivered)
 A - a wand of digging (5)
 C - a wand of roots (9)
 K - a wand of polymorph (7)
 N - a wand of charming (7)
 T - a wand of acid (1)
 U - a wand of mindburst (4)
Scrolls
 c - 6 scrolls of immolation
 d - a scroll of fear
 g - a scroll of vulnerability
 h - 2 scrolls of silence
 j - 5 scrolls of poison
 l - 7 scrolls of teleportation
 n - 2 scrolls of torment
 z - a scroll of enchant weapon
 L - 3 scrolls of revelation
Potions
 b - 7 potions of curing
 f - a potion of brilliance
 i - 5 potions of heal wounds {unknown}
 r - 3 potions of haste
 u - 3 potions of enlightenment {unknown}
 v - a potion of might
 w - 3 potions of attraction
 I - 2 potions of lignification
 J - 5 potions of degeneration {unknown}
 M - a potion of resistance
 P - 2 potions of invisibility {unknown}
 R - a potion of ambrosia {unknown}
 V - a potion of mutation {unknown}
Miscellaneous
 S - a sack of spiders


   Skills:
 - Level 4.0 Fighting
 - Level 4.0(4.6) Short Blades
 + Level 3.5(4.4) Long Blades
 - Level 4.0 Maces & Flails
 - Level 8.0 Dodging
 - Level 8.0 Stealth
 + Level 13.2 Spellcasting
 + Level 14.2 Conjurations
 - Level 4.0 Hexes
 + Level 2.3 Translocations
 - Level 15.0 Fire Magic
 + Level 6.4 Air Magic


You had 5 spell levels left.
You knew the following spells:

 Your Spells              Type           Power      Damage    Failure   Level
a - Foxfire               Conj/Fire      100%       2x1d9     1%          1
b - Scorch                Fire           100%       2d9       1%          2
c - Inner Flame           Hex/Fire       97%        N/A       1%          3
d - Iskenderun's Battles  Conj           73%        2d12      1%          5
e - Flame Wave            Conj/Fire      100%       2d21      1%          4
f - Fireball              Conj/Fire      58%        3d22      1%          5
g - Orb of Destruction    Conj           36%        9d11      6%          7
h - Blink                 Tloc           56%        N/A       8%          2
i - Plasma Beam           Fire/Air       51%        2x1d66    5%          6

Your spell library contained the following spells:

 Spells                   Type           Power      Damage    Failure   Level
 Bombard                  Conj/Erth      25%        9d5       16%         6
 Magic Dart               Conj           100%       1d8       1%          1
 Mercury Vapours          Alch/Air       64%        N/A       1%          2
 Static Discharge         Conj/Air       100%       3-8/arc   1%          2
 Mephitic Cloud           Conj/Alch/Air  50%        N/A       1%          3
 Volatile Blastmotes      Fire/Tloc      100%       2d18      1%          3
 Airstrike                Air            24%        2d(4-20)  2%          4
 Brom's Barrelling Bould  Conj/Erth      51%        2d7       2%          4
 Freezing Cloud           Conj/Ice/Air   25%        6-21      4%          5
 Call Imp                 Summ           32%        N/A       16%         2
 Summon Lightning Spire   Summ/Air       32%        N/A       24%         4
 Ozocubu's Armour         Ice            16%        N/A       26%         3
 Metabolic Englaciation   Hex/Ice        13%        N/A       63%         5
 Conjure Ball Lightning   Conj/Air       31%        3x3d10    5%          6
 Sculpt Simulacrum        Ice/Alch       8%         N/A       100%        6


Dungeon Overview and Level Annotations

Branches:
Dungeon (12/15)            Temple (0/1) D:7            Lair (5/5) D:10
 Shoals (0/4) Lair:2       Spider (2/4) Lair:2        Slime (0/5) Lair:5
 Bailey (visited)
    Orc: D:9-12

Altars:
Dithmenos
Fedhas
Hepliaklqana
Kikubaaqudgha
Okawaru
Vehumet
Xom
The Shining One
Jiyva

Annotations:
Spider:1 2 transporters, Vuykkinei's ghost, adept TrBe


Innate Abilities, Weirdness & Mutations

You can breathe blasts of noxious fumes.
Your lurid green scales are hard. (AC +9)
You cannot fit into any form of body armour.
Your tail ends in a venomous barb.
Your system is resistant to poisons. (rPois)
You are cold-blooded and may be slowed by cold attacks.


Message History

The six-headed hydra is engulfed in blazing flames.
Unknown command.
Casting: Inner Flame (safe; 1% risk of failure)
Confirm with . or Enter, or press ? or * to list all spells.
You feel a strong surge of power!
Flames lash the six-headed hydra.
The six-headed hydra is severely wounded.
The six-headed hydra's fire resistance burns away.
Magical energy flows into your mind!
You hear a horrible gurgling sound!
Casting: Scorch (safe; 1% risk of failure)
Confirm with . or Enter, or press ? or * to list all spells.
You feel a strong surge of power!
Flames lash the six-headed hydra.
The six-headed hydra is burned terribly!
The six-headed hydra is severely wounded.
The six-headed hydra is engulfed in blazing flames.
Unknown command.
Casting: Scorch (safe; 1% risk of failure)
Confirm with . or Enter, or press ? or * to list all spells.
Aiming: Inner Flame (safe; 1% risk of failure)
Press: ? - help, Dir - move target, f/p - six-headed hydra
Aim: a six-headed hydra (spreading flames, almost dead, more vulnerable to fire, chance to affect: 88%)
You feel a strong surge of power!
The six-headed hydra is filled with an intense inner flame!
The six-headed hydra is engulfed in a forest fire.
Vehumet accepts your kill.
You feel your power returning.
The six-headed hydra explodes!
The tree burns like a torch!
The fiery explosion engulfs you! You resist.
* * * LOW HITPOINT WARNING * * *
The manticore is engulfed in blazing flames.
A manticore comes into view.
A salamander comes into view.
As you read the scroll of teleportation, it crumbles to dust.
You feel strangely unstable.
The salamander changes into a glowing shapeshifter!
A manticore comes into view.
The manticore is engulfed in blazing flames.
The glowing shapeshifter changes into an ettin!
The manticore bites you!
You die...

..# ..## ...############ ###
...#.....#....♣♣♣.♣♣♣♣♣
.#.#.)................♣♣♣♣..
...........)))..............
...#...(........)..§§§♣♣♣♣..
##.#♣....#.....H).§§§♣♣
#.#############@§.######
###.....#♣♣♣♣♣♣.§§§§...♣
#.♣...#♣......§§§☼○○.♣
####....[#♣.♣♣♣♣§§§§§§§§♣
...##)##.#♣.♣ C....§§H§♣
#####).#(#♣.♣ ♣♣♣♣♣♣.♣.
#..#=#♣.♣ .♣ ###.#.#♣.♣ ♣
#.#'#....♣


You could see an ettin shaped shifter and 2 manticores.

Vanquished Creatures
  2 emperor scorpions (Spider:1)
  A ghost moth (Spider:1)
  A broodmother (Spider:1)
  2 dire elephants (Lair:5)
  A yaktaur captain (D:12)
  Fannar (D:12)
  2 hydras
  Erica (D:11)
  A centaur warrior (D:12)
  A merfolk avatar (Lair:5)
  2 two-headed ogres (D:12)
  3 boulder beetles
  4 demonic crawlers (Spider:1)
  2 tengu warriors (D:11)
  Amaemon (Lair:3)
  4 skysharks
  The ghost of Verono the Twirler, a novice DrCK of Xom (D:8)
  The ghost of ProLineLover the Shooter, a novice DrHu of Nemelex Xobeh (D:8)
  A pharaoh ant (Spider:1)
  2 skeletal warriors (D:12)
  2 sea snakes
  3 orb spiders
  A phantasmal warrior (D:12)
  A steelbarb worm (Spider:1)
  6 wolf spiders
  2 manticores
  Maurice (D:8)
  A cyclops (D:12)
  11 elephants
  12 black mambas
  An orange demon (Lair:3)
  6 torpor snails
  6 rime drakes
  11 cane toads
  15 komodo dragons
  2 kobold demonologists
  An efreet (D:12)
  An unseen horror (D:12)
  3 trolls
  2 polar bears
  2 wind drakes (Lair:5)
  2 hornets
  10 tarantellas
  7 dream sheep
  33 blink frogs
  A slime creature (D:12)
  9 jumping spiders
  12 culicivoras
  A shadow (D:11)
  Sigmund (D:6)
  61 yaks
  3 wyverns
  3 basilisks
  26 redbacks
  2 vampire mosquitoes (D:12)
  A warg (D:9)
  2 acid dragons (D:12)
  15 water moccasins
  An ice beast (D:6)
  7 orc warriors
  A sky beast (D:8)
  5 black bears
  3 wolves (Bailey)
  A phantom (D:4)
  6 centaurs
  3 kobold brigands
  Blork the orc (D:6)
  3 gnoll sergeants (Bailey)
  5 scorpions
  13 bullfrogs
  4 wights (D:9)
  6 killer bees
  2 electric eels
  5 howler monkeys
  4 bombardier beetles
  3 hounds
  A jelly (D:4)
  2 sleepcaps
  10 orc priests
  6 gnoll boudas
  5 iguanas
  8 orc wizards
  13 hell rats
  The ghost of CBP the Slasher, a weakling FoRe (D:9)
  19 gnolls
  7 adders
  3 shadow imps (D:6)
  3 white imps
  3 dart slugs
  2 ribbon worms
  52 orcs
  4 ball pythons
  2 endoplasms
  7 giant cockroaches
  9 goblins
  4 hobgoblins
  3 jackals (D:1)
  16 kobolds
  6 quokkas
  3 bats
  2 frilled lizards (D:2)
  4 rats
581 creatures vanquished.

Vanquished Creatures (collateral kills)
  7 foxfires (D:6)
7 creatures vanquished.

Vanquished Creatures (others)
  A manticore (D:12)
  454 foxfires
455 creatures vanquished.

Grand Total: 1043 creatures vanquished

Notes
Turn   | Place    | Note
-------+----------+-------------------------------------------
     0 | D:1      | chippings the Draconian Fire Elementalist began the quest
                  | for the Orb.
     0 | D:1      | Reached XP level 1. HP: 14/14 MP: 3/3
    98 | D:1      | You fall into a shaft and drop 1 floor!
   242 | D:2      | Reached XP level 2. HP: 20/20 MP: 3/5
   388 | D:2      | Reached XP level 3. HP: 26/26 MP: 6/6
   437 | D:2      | Learned a level 2 spell: Scorch
   713 | D:2      | Learned a level 3 spell: Inner Flame
   970 | D:1      | Found a faded altar of an unknown god.
  1982 | D:3      | Reached XP level 4. HP: 29/33 MP: 8/8
  2797 | D:3      | Found a shimmering altar of Xom.
  2879 | D:4      | Noticed a kobold brigand
  2891 | D:4      | Killed a kobold brigand
  2892 | D:4      | Reached skill level 1 in Hexes
  2892 | D:4      | Reached skill level 4 in Fire Magic
  2892 | D:4      | Reached XP level 5. HP: 38/38 MP: 0/9
  3181 | D:4      | Reached XP level 6. HP: 45/45 MP: 0/11
  3965 | D:5      | Entered Level 5 of the Dungeon
  3976 | D:5      | Reached skill level 5 in Fire Magic
  3976 | D:5      | Your scales start taking on a lurid green colour.
  3976 | D:5      | Reached XP level 7. HP: 50/50 MP: 7/12
  3976 | D:5      | Gained mutation: Your system is resistant to poisons.
                  | (rPois) [Green Draconian growth]
  3979 | D:5      | Found a hazy altar of Hepliaklqana.
  4264 | D:5      | Found an ancient bone altar of Kikubaaqudgha.
  4497 | D:5      | Reached skill level 6 in Fire Magic
  4779 | D:5      | Reached XP level 8. HP: 57/57 MP: 9/14
  5072 | D:5      | Found a glowing golden altar of the Shining One.
  5254 | D:6      | Found a transporter.
  5357 | D:6      | Noticed Sigmund
  5360 | D:6      | Killed Sigmund
  5367 | D:6      | Reached skill level 7 in Fire Magic
  5373 | D:6      | Reached skill level 5 in Conjurations
  5488 | D:6      | Reached skill level 5 in Spellcasting
  5675 | D:6      | Noticed a kobold demonologist
  5693 | D:6      | Found a transporter.
  5993 | D:6      | Noticed Blork the orc
  6001 | D:6      | Killed Blork the orc
  6068 | D:6      | Found a radiant altar of Vehumet.
  6068 | D:6      | Found a blossoming altar of Fedhas.
  6072 | D:6      | Became a worshipper of Vehumet
  6103 | D:6      | Reached XP level 9. HP: 62/62 MP: 8/17
  6105 | D:6      | Reached skill level 8 in Fire Magic
  6138 | D:6      | Learned a level 3 spell: Volatile Blastmotes
  6143 | D:6      | Learned a level 4 spell: Flame Wave
  6322 | D:7      | Found a flagged portal.
  6383 | Bailey   | Entered a bailey
  6601 | Bailey   | Reached skill level 1 in Short Blades
  6694 | Bailey   | Identified the +5 hand axe of Doom {freeze, rPois rC++ MP+9
                  | Int-2}
  6694 | Bailey   | Noticed Grum
  6705 | D:7      | HP: 3/62 [white imp/puff of frost (6)]
  7029 | D:7      | Found an iron altar of Okawaru.
  7244 | D:7      | Found a staircase to the Ecumenical Temple.
  7290 | D:7      | Reached skill level 9 in Fire Magic
  7507 | D:8      | Noticed Maurice
  7513 | D:8      | Killed Maurice
  7513 | D:8      | Reached * piety under Vehumet
  7513 | D:8      | Offered knowledge of Sting by Vehumet.
  7807 | D:8      | Found a runed translucent gate.
  7808 | D:8      | Found a runed translucent gate.
  7808 | D:8      | Found a runed translucent gate.
  7811 | D:8      | Noticed ProLineLover's ghost (novice DrHu)
  7811 | D:8      | Noticed Verono's ghost (novice DrCK)
  8031 | D:8      | Found a shadowy altar of Dithmenos.
  8051 | D:8      | Reached XP level 10. HP: 30/69 MP: 11/19
  8566 | D:9      | Reached ** piety under Vehumet
  8566 | D:9      | Offered knowledge of Sandblast by Vehumet.
  8941 | D:9      | Reached skill level 10 in Fire Magic
  9298 | D:9      | Reached skill level 5 in Stealth
  9361 | D:9      | Noticed CBP's ghost (weakling FoRe)
  9362 | D:9      | Found a runed translucent gate.
  9362 | D:9      | Found a runed translucent gate.
  9362 | D:9      | Found a runed translucent gate.
  9637 | D:9      | Identified the +8 chain mail of the Big Bang {Will+}
  9643 | D:9      | Identified the +3 rapier "Luin" {heavy, rCorr}
  9858 | D:6      | Offered knowledge of Dazzling Flash by Vehumet.
  9992 | D:6      | Identified a scroll of acquirement
  9992 | D:6      | Acquired the +1 hat "Perros" {Int+2 Stlth+}
 10007 | D:6      | Learned a level 5 spell: Fireball
 10128 | D:10     | Entered Level 10 of the Dungeon
 10198 | D:10     | Reached skill level 5 in Dodging
 10468 | D:10     | Reached *** piety under Vehumet
 10469 | D:10     | Reached skill level 11 in Fire Magic
 10733 | D:10     | Offered knowledge of Mephitic Cloud by Vehumet.
 10734 | D:10     | Reached XP level 11. HP: 62/74 MP: 11/22
 10850 | D:10     | Found a staircase to the Lair.
 11403 | Lair:1   | Entered Level 1 of the Lair of Beasts
 12418 | Lair:2   | Found a hole to the Spider Nest.
 12427 | Lair:2   | Reached skill level 12 in Fire Magic
 12940 | Lair:2   | Reached **** piety under Vehumet
 12946 | Lair:2   | Offered knowledge of Lee's Rapid Deconstruction by Vehumet.
 13126 | Lair:2   | Reached skill level 13 in Fire Magic
 13183 | Lair:2   | Found a staircase to the Shoals.
 13265 | Lair:2   | Learned a level 7 spell: Orb of Destruction
 13273 | Lair:2   | Learned a level 2 spell: Blink
 13437 | Lair:2   | Reached XP level 12. HP: 61/81 MP: 14/25
 14122 | Lair:3   | Noticed a five-headed hydra
 14126 | Lair:3   | Killed a five-headed hydra
 14243 | Lair:3   | Reached skill level 10 in Conjurations
 14381 | Lair:3   | Noticed Amaemon
 14388 | Lair:3   | Killed Amaemon
 14389 | Lair:3   | Reached skill level 14 in Fire Magic
 14475 | Lair:3   | Learned a level 5 spell: Iskenderun's Battlesphere
 14511 | Lair:3   | Reached skill level 1 in Fighting
 14778 | Lair:3   | Reached skill level 1 in Maces & Flails
 15331 | Lair:4   | Reached ***** piety under Vehumet
 15438 | Lair:4   | Reached skill level 10 in Spellcasting
 15476 | Lair:4   | Offered knowledge of Plasma Beam by Vehumet.
 15943 | Lair:4   | Reached XP level 13. HP: 93/93 MP: 19/27
 16613 | Lair:5   | Entered Level 5 of the Lair of Beasts
 17125 | Lair:5   | Noticed a dire elephant
 18077 | Lair:5   | Killed a dire elephant
 18137 | Lair:5   | Noticed a dire elephant
 18316 | Lair:5   | Reached skill level 15 in Fire Magic
 18613 | Lair:5   | Gained mutation: Your tail ends in a venomous barb. [Green
                  | Draconian growth]
 18613 | Lair:5   | Reached XP level 14. HP: 80/104 MP: 29/29
 18621 | Lair:5   | Learned a level 6 spell: Plasma Beam
 18958 | Lair:5   | Found a viscous altar of Jiyva.
 18959 | Lair:5   | Found a staircase to the Slime Pits.
 19521 | Lair:5   | Identified the +1 ring mail of Classification {Fly rElec
                  | Slay+3}
 19529 | Lair:5   | Identified the +3 trident of Umuorieb {speed, Str+5 Int+4
                  | Stlth-}
 19729 | Spider:1 | Entered Level 1 of the Spider Nest
 19738 | Spider:1 | Found a transporter.
 19740 | Spider:1 | You fall into a shaft and drop 1 floor!
 19746 | Spider:2 | Reached skill level 1 in Air Magic
 19748 | Spider:2 | Offered knowledge of Airstrike by Vehumet.
 19754 | Spider:2 | Noticed an emperor scorpion
 19776 | Spider:1 | HP: 4/104 [culicivora (3)]
 19806 | Spider:1 | Killed a ghost moth
 19971 | Spider:1 | HP: 3/104 [cloud of flame (9)]
 20357 | Spider:1 | Noticed an emperor scorpion
 20369 | Spider:1 | Killed an emperor scorpion
 20493 | Spider:1 | Noticed Vuykkinei's ghost (adept TrBe)
 21010 | Spider:1 | Noticed an emperor scorpion
 21013 | Spider:1 | Killed an emperor scorpion
 21014 | Spider:1 | Reached skill level 5 in Air Magic
 21274 | Spider:1 | Identified the +6 long sword of Uskayaw's Castigation
                  | {holy, +Blink rElec Will+ Str+3}
 21288 | Spider:1 | Noticed a broodmother
 21294 | Spider:1 | Killed a broodmother
 21335 | Spider:1 | Found a transporter.
 21691 | Spider:1 | Reached skill level 1 in Long Blades
 21932 | D:9      | Killed CBP's ghost
 21950 | D:9      | Identified the +1 pair of gloves of Hospitality {Dex+2}
 22050 | D:8      | Killed ProLineLover's ghost
 22052 | D:8      | Killed Verono's ghost
 22146 | D:11     | Reached XP level 15. HP: 99/110 MP: 31/31
 22370 | D:11     | Noticed Erica
 22375 | D:11     | Killed Erica
 22383 | D:11     | Offered knowledge of Bombard by Vehumet.
 23054 | D:12     | Reached skill level 1 in Translocations
 23458 | D:12     | Noticed Fannar
 23463 | D:12     | Killed Fannar
 23654 | D:12     | Slain by a manticore

Illustrated notes

Levels and vault maps discovered:
D:1:      matt_arrival_diagonals, layout_basic,
          shapermc_ecumenical_altar_mp_vishouse
D:2:      layout_loops_corners, minmay_pentomino_r4
D:3:      wander_river, layout_basic, regret_index_xom_buried_treasure
D:4:      layout_layer_cave, minmay_manual_mess
D:5:      layout_loops_ring, nicolae_tso_swordbearing_angel,
          nzn_hepliaklqana_mist_gate, mainiacjoe_overflow_concentric_impassable
D:6:      gammafunk_wand_slinger, layout_rooms,
          gammafunk_temple_overflow_elements, uniq_sigmund, uniq_blork_the_orc
D:7:      layout_loops_cross, okawaru_ov_weapons_minmay,
          minmay_temple_entry_glassed_door, enter_bailey_6
D:8:      layout_basic, grunt_dithmenos_smoke, gammafunk_ghost_cemetery,
          uniq_maurice
D:9:      layout_layer_cave, biasface_ghost_orc_armoury
D:10:     layout_loops_corners, grunt_lair_entry_orc_guard_hut
D:11:     layout_basic, hangedman_decor_riveting, skrybe_limestone_x, uniq_erica
D:12:     nzn_winding_woodlands_large [nzn_winding_woodlands_5x5_checkerboard,
          nzn_winding_woodlands_5x15_sidewinder,
          nzn_winding_woodlands_5x5_cross,
          nzn_winding_woodlands_center_pierced_h,
          nzn_winding_woodlands_15x15_boxy_spiral,
          nzn_winding_woodlands_center_lodge, nzn_winding_woodlands_hourglass,
          nzn_winding_woodlands_5x15_default,
          nzn_winding_woodlands_5x5_closed_star], layout_loops_ring,
          orc_david_3, eino_tiny_chamber, uniq_psyche, uniq_fannar
Lair:1:   layout_cave_pods
Lair:2:   layout_loops_ring, minmay_shoals_entry_centaurs, spider_nest_entry_a
Lair:3:   layout_roguey, eino_small_chamber_without_monster, uniq_amaemon
Lair:4:   layout_roguey, infiniplex_staircase_pool, grunt_megastairs_1,
          serial_bayou_shore_b
Lair:5:   gammafunk_lair_ancient_temple, layout_regular_city, slime_entry_1,
          hangedman_lair_unloving_vines, serial_bayou_shore_a
Spider:1: layout_cave_pods, gammafunk_ghost_mausoleum, nicolae_spider_shape
Spider:2: layout_spider_delve

Skill      XL: |  1  2  3  4  5  6  7  8  9 10 11 12 13 14 15 |
---------------+----------------------------------------------+-----
Conjurations   | 2 3 4 5 6 8 9 10 12 13 14 | 14.2
Dodging        | 2 3 4 5 6 7 8 |  8.0
Stealth        | 2 3 4 5 6 7 8 |  8.0
Spellcasting   | 3 4 5 6 7 9 10 11 12 13 | 13.2
Hexes          | 1 2 3 4 |  4.0
Fire Magic     | 4 5 6 7 9 11 13 14 15 | 15.0
Short Blades   | 2 4 |  4.0
Fighting       | 2 4 |  4.0
Maces & Flails | 2 4 |  4.0
Air Magic      | 5 6 |  6.4
Long Blades    | 2 3 |  3.5
Translocations | 2 |  2.3

Action                     |  1- 3 |  4- 6 |  7- 9 | 10-12 | 13-15 || total
---------------------------+-------+-------+-------+-------+-------++-------
  Melee: Unarmed           |     8 |       |       |       |       ||     8
         Tailslap          |     6 |     2 |     9 |    14 |     9 ||    40
         Dagger            |    47 |    14 |    16 |       |       ||    77
         Punch             |     2 |       |       |       |       ||     2
         Short sword       |       |       |    44 |    71 |       ||   115
         Demon whip        |       |       |       |    16 |    23 ||    39
         Long sword        |       |       |       |       |    20 ||    20
   Cast: Foxfire           |    44 |    39 |    94 |    48 |    40 ||   265
         Scorch            |     3 |    20 |    41 |   100 |   132 ||   296
         Inner Flame       |       |     2 |    43 |    97 |   127 ||   269
         Volatile Blastmot |       |       |       |     4 |       ||     4
         Fireball          |       |       |       |    12 |    37 ||    49
         Flame Wave        |       |       |       |     6 |    16 ||    22
         Iskenderun's Batt |       |       |       |     9 |    30 ||    39
         Blink             |       |       |       |       |     7 ||     7
         Plasma Beam       |       |       |       |       |    38 ||    38
         Orb of Destructio |       |       |       |       |     1 ||     1
Ability: Breathe Noxious F |       |       |     1 |       |       ||     1
  Evoke: Wand              |       |       |     7 |       |       ||     7
    Use: Scroll            |       |     5 |     2 |    13 |     5 ||    25
         Potion            |       |     1 |     2 |       |     4 ||     7
   Stab: Sleeping          |     4 |       |       |       |     1 ||     5
         Distracted        |       |       |       |     1 |       ||     1
 Armour: Skin              |    37 |    10 |    79 |   160 |   272 ||   558
  Dodge: Dodged            |    54 |    16 |    59 |    82 |   130 ||   341
  Block: Other             |     2 |       |       |       |       ||     2
